 Dungeon Sprint DCSS version 0.30-a0-219-gf2db51d15e (webtiles) character file.

Game seed: 7477463485257630591

198 rocky1 the Basher (level 5, 0/48 (50) HPs)
             Began as an Ogre Gladiator on Oct 7, 2022.
             Was an Initiate of Gozag.
             Slain by a warg (16 damage)
             ... in the Dungeon (Sprint VII: "The Pits").
             The game lasted 00:01:37 (281 turns).

rocky1 the Basher (Ogre Gladiator)                   Turns: 281, Time: 00:01:38

HP:   0/48 (50)     AC:  3    Str: 20    XL:     5   Next: 76%
MP:   5/5           EV: 10    Int:  9    God:    Gozag
Gold: 531           SH:  0    Dex: 10    Spells: 4/4 levels left

rFire   . . .      SeeInvis .    a - +0 flail
rCold   . . .      Faith    .    (no shield)
rNeg    . . .      Spirit   .    b - +0 robe
rPois   .          Reflect  .    c - +0 hat
rElec   .          Harm     .    (no cloak)
rCorr   .          Rampage  .    (gloves unavailable)
Will    .....      NoTele   +    (boots unavailable)
Stlth   +.........               (no amulet)
HPRegen 0.28/turn                (no ring)
MPRegen 0.09/turn                (no ring)

@: on berserk cooldown, hasted and slowed, lightly drained, invisible
A: large, unfitting armour, tough skin 1
a: Renounce Religion, Potion Petition, Call Merchant, Bribe Branch


You were in the Dungeon.
You worshipped Gozag.
Gozag was pleased with you.
You visited 1 branch You collected 531 gold pieces.

Inventory:

Hand Weapons
 a - a +0 flail (weapon)
Missiles
 d - 3 throwing nets (quivered)
 e - a large rock
Armour
 b - a +0 robe (worn)
 c - a +0 hat (worn)
Scrolls
 k - a scroll of blinking
 m - 5 scrolls of amnesia
 n - a scroll of summoning
Potions
 f - 6 potions of curing
 g - 2 potions of heal wounds
 i - 4 potions of magic
 j - 2 potions of berserk rage


   Skills:
 - Level 2.6 Fighting
 + Level 10.8 Maces & Flails
 - Level 2.0 Throwing
 - Level 2.6 Dodging


You had 4 spell levels left.
You didn't know any spells.
Your spell library was empty.

Dungeon Overview and Level Annotations

Branches:
Dungeon (1/1)

Altars:
Ashenzari
Cheibriados
Dithmenos
Elyvilon
Fedhas
Gozag
Hepliaklqana
Kikubaaqudgha
Makhleb
Nemelex Xobeh
Okawaru
Qazlal
Ru
Sif Muna
Trog
Uskayaw
Vehumet
Wu Jian
Xom
Yredelemnul
Zin
The Shining One
Jiyva
Lugonu


Innate Abilities, Weirdness & Mutations

You are too large for most types of armour.
You have tough skin. (AC +1)


Message History

The jackal barks!
You hit the wight.
The wight is lightly damaged.
You flicker back into view.
The jackal barks!
You hear a bark!
The jackal is no longer distracted by gold.
The wight barely misses you.
The jackal barks!
The wight attacks as you move away! The wight hits you with a +4 halberd!
You feel drained.
The warg is no longer distracted by gold.
The wight hits you from afar with a +4 halberd.
The jackal is distracted by your dazzling golden aura. x2
Things that are here:
54 gold pieces; a +3 halberd; a +0 robe You fade into invisibility!
The jackal is no longer distracted by gold.
The warg bites you!
The wight hits you from afar with a +4 halberd!
* * * LOW HITPOINT WARNING * * *
Unknown command.
You closely miss the warg.
The jackal barks!
The warg closely misses you.
The jackal barks!
You closely miss the warg. The warg closely misses you.
You barely miss the warg.
The jackal is no longer distracted by gold.
The warg bites you!
* * * LOW HITPOINT WARNING * * *
The warg closely misses you.
Unknown command.
You feel much better. The warg bites you.
You feel much better. The warg closely misses you.
Unknown command.
You closely miss the warg. The warg bites you!
You closely miss the warg. The warg bites you.
You closely miss the warg. The warg bites you! x2
You die...
Your body crumbles into a pile of gold.

#'#####'#####.....
#.#[[#.....##.....
#.#))#####'#####'#
#.#))#....)##.....
#.#))#.....##.....
#.#..###'####.....
#$##'#.....##...<.
#.#........##.....
#@#........##.....
#h###########.....
#hz.z.h.# ######
#z###Z.h# #h# .#
#h# #Z. #.. #..


You could see a warg, 2 wights, a bat zombie (unable to see you) and 3 jackals.

Vanquished Creatures
  A centaur (D)
  2 wights (D)
  An ufetubus (D)
  An orc (D)
  2 giant cockroaches (D)
  3 hobgoblins (D)
  2 rats (D)
12 creatures vanquished.

Vanquished Creatures (others)
  A jackal (D)
1 creature vanquished.

Grand Total: 13 creatures vanquished

Notes
Turn   | Place    | Note
-------+----------+-------------------------------------------
     0 | D        | rocky1 the Ogre Gladiator began the quest for the Orb.
     0 | D        | Reached XP level 1. HP: 22/22 MP: 1/1
    18 | D        | Reached skill level 3 in Maces & Flails
    22 | D        | Found a bloodstained altar of Trog.
    22 | D        | Found a shimmering blue altar of Sif Muna.
    22 | D        | Found a viscous altar of Jiyva.
    22 | D        | Found a hazy altar of Hepliaklqana.
    22 | D        | Found an opulent altar of Gozag.
    23 | D        | Found a glowing golden altar of the Shining One.
    23 | D        | Found a glowing silver altar of Zin.
    23 | D        | Found a basalt altar of Yredelemnul.
    23 | D        | Found a shimmering altar of Xom.
    23 | D        | Found an ornate altar of the Wu Jian Council.
    23 | D        | Found a sacrificial altar of Ru.
    23 | D        | Found a stormy altar of Qazlal.
    23 | D        | Found an iron altar of Okawaru.
    23 | D        | Found a sparkling altar of Nemelex Xobeh.
    23 | D        | Found a burning altar of Makhleb.
    23 | D        | Found a blossoming altar of Fedhas.
    23 | D        | Found a white marble altar of Elyvilon.
    23 | D        | Found a shadowy altar of Dithmenos.
    23 | D        | Found a snail-covered altar of Cheibriados.
    26 | D        | Found a corrupted altar of Lugonu.
    26 | D        | Found a radiant altar of Vehumet.
    27 | D        | Found an ancient bone altar of Kikubaaqudgha.
    27 | D        | Found a hide-covered altar of Uskayaw.
    27 | D        | Found a broken altar of Ashenzari.
    30 | D        | Became a worshipper of Gozag Ym Sagoz the Greedy
    85 | D        | Reached skill level 4 in Maces & Flails
    85 | D        | Reached XP level 2. HP: 15/29 MP: 2/2
   176 | D        | Reached skill level 5 in Maces & Flails
   240 | D        | Noticed a wight
   241 | D        | Noticed a centaur
   241 | D        | Noticed a wight
   241 | D        | Noticed a wight
   255 | D        | Killed a wight
   256 | D        | Reached skill level 7 in Maces & Flails
   256 | D        | Reached XP level 3. HP: 12/36 MP: 3/3
   256 | D        | Reached XP level 4. HP: 15/44 MP: 4/4
   257 | D        | Noticed a warg
   262 | D        | Reached skill level 9 in Maces & Flails
   262 | D        | Reached XP level 5. HP: 5/50 MP: 5/5
   264 | D        | HP: 1/75 [centaur (4)]
   265 | D        | Killed a centaur
   266 | D        | Reached skill level 10 in Maces & Flails
   281 | D        | Slain by a warg

Illustrated notes

Levels and vault maps discovered:
D:        pitsprint [storerooms_1, entrance_room_1, metal_vault_2, armoury_2,
          mini_pit_1, grid_room_1, main_hall_1, silver_pit, the_coven_3,
          the_vestibule_1, steel_vault_5, golden_pit, hallway_of_sentries,
          crystal_vault_1, iron_vault_5, final_vault]

Skill      XL: |  1  2  3  4  5 |
---------------+----------------+-----
Maces & Flails | 4 7 9 10 | 10.8
Fighting       | |  2.6
Throwing       | |  2.0
Dodging        | |  2.6

Action                   |  1- 3 |  4- 6 || total
-------------------------+-------+-------++-------
Melee: Flail             |    48 |    15 ||    63
       Punch             |     1 |       ||     1
  Use: Potion            |     2 |     6 ||     8
 Stab: Distracted        |     1 |       ||     1
Armor: Robe              |    22 |     1 ||    23
Dodge: Dodged            |    28 |    10 ||    38

Table legend: (Time is in decaauts)
 A = Elapsed time spent in this place.
 B = Non-inter-level travel time spent in this place.
 C = Inter-level travel time spent in this place.
 D = Time resting spent in this place.
 E = Time spent auto-exploring this place.
 F = Levels seen in this place.
 G = Mean time per level.
                   A        B        C        D        E       F      G
               +--------+--------+--------+--------+--------+-----+--------+
         Total |    285 |    265 |     20 |     52 |      0 |   1 |  285.0 |
       Dungeon |    285 |    265 |     20 |     52 |      0 |   1 |  285.0 |
               +--------+--------+--------+--------+--------+-----+--------+

Top non-repeatable levels by time:
       D: 285 daAuts
